 Dungeon Crawl Stone Soup version 0.28-a0-938-gbc3f381ebc (webtiles) character file.

Game seed: 4910007296958859225

12 ytrimaz the Skirmisher (level 2, 25/25 HPs)
             Began as a Formicid Abyssal Knight on Nov 29, 2021.
             Was a Follower of Lugonu.
             Quit the game on level 1 of the Dungeon.
             The game lasted 00:01:02 (544 turns).

ytrimaz the Skirmisher (Formicid Abyssal Knight)     Turns: 544, Time: 00:01:02

Health: 25/25      AC:  3    Str: 17    XL:     2   Next: 45%
Magic:  3/3        EV: 11    Int:  9    God:    Lugonu [*.....]
Gold:   31         SH:  0    Dex: 11    Spells: 1/1 levels left

rFire   . . .      SeeInvis +   a - +1 hand axe
rCold   . . .      Faith    .   (no shield)
rNeg    . . .      Spirit   .   b - +0 leather armour
rPois   .          Reflect  .   (helmet unavailable)
rElec   .          Harm     .   (no cloak)
rCorr   .          Rampage  .   (no gloves)
Will    .....                   (no boots)
Stlth   +.........              (no amulet)
HPRegen 0.08/turn               (no ring)
MPRegen 0.08/turn               (no ring)

@: no status effects
A: permanent stasis, dig shafts and tunnels, antennae 3, four strong arms
a: Dig, Shaft Self, Renounce Religion, Depart the Abyss


You were on level 1 of the Dungeon.
You worshipped Lugonu.
Lugonu was aware of your devotion.
You visited 1 branch of the dungeon, and saw 1 of its levels.
You visited the Abyss 1 time.

You collected 31 gold pieces.

Inventory:

Hand Weapons
 a - a +1 hand axe (weapon)
Armour
 b - a +0 leather armour (worn)
Wands
 c - a wand of iceblast (10)
Potions
 e - a potion of lignification {unknown}
 f - a potion of curing {unknown}
 g - a potion of ambrosia
 h - a potion of cancellation {unknown}
 i - 2 potions of brilliance {unknown}
 j - a potion of flight {unknown}
Miscellaneous
 d - a lightning rod (3/4) (quivered)


   Skills:
 + Level 3.8 Fighting
 + Level 2.1 Axes
 + Level 2.3 Armour
 + Level 0.8 Dodging
 + Level 2.2 Invocations


You had one spell level left.
You didn't know any spells.
Your spell library was empty.

Dungeon Overview and Level Annotations

Branches:
Dungeon (1/15)

Altars:


Innate Abilities, Weirdness & Mutations

You cannot be hasted, slowed, berserked, paralysed or teleported.
You can dig through walls and to a lower floor.
You have a pair of large antennae on your head. (SInv)
Your four strong arms can wield two-handed weapons with a shield.


Message History

The rat barely misses you.
You hit the rat.
You kill the rat!
Lugonu accepts your kill.
Found an escape hatch in the floor.
i - 2 green potions
Found a spear.
A rat comes into view.
Found a stone staircase leading down.
A rat is nearby!
A rat is nearby!
You closely miss the rat. The rat barely misses you.
You hit the rat.
You kill the rat!
Lugonu accepts your kill.
j - an inky potion You sense a monster nearby.
You sense a monster nearby.
A hobgoblin comes into view.
The hobgoblin shouts!
You hear a shout!
A goblin comes into view. It is wielding a +0 dagger.
There are monsters nearby!
The hobgoblin hits you.
You barely miss the hobgoblin. You hit the goblin.
You kill the goblin!
Lugonu accepts your kill.
You hit the hobgoblin. The hobgoblin hits you. The hobgoblin barely misses you.
You see here a +0 dagger.
You hit the hobgoblin.
You kill the hobgoblin!
Lugonu accepts your kill.
You see here a hobgoblin corpse.
Key pressed, stopping explore.
You see here a +0 dagger.
A bat comes into view.
A bat is nearby!
A bat is nearby!
Are you sure you want to abandon this character and quit the game? (Confirm with "yes".)

######.†.#.#
##)##.##
#.#...######
#...........
###...#####
##.## #.#
#.############
#.....@...b...
##############


You could see a bat.

Vanquished Creatures
  A ball python (D:1)
  2 endoplasms (D:1)
  A goblin (D:1)
  3 hobgoblins (D:1)
  4 rats (D:1)
11 creatures vanquished.

Notes
Turn   | Place    | Note
-------+----------+-------------------------------------------
     0 | Abyss:1  | ytrimaz the Formicid Abyssal Knight began the quest for the
                  | Orb.
     0 | Abyss:1  | Reached XP level 1. HP: 18/18 MP: 2/2
    36 | Abyss:2  | Noticed a smoke demon
    67 | Abyss:3  | Found a corrupted altar of Lugonu.
   125 | Abyss:3  | Noticed a large abomination
   129 | Abyss:3  | Noticed an air elemental
   135 | D:1      | Escaped the Abyss
   310 | D:1      | Reached XP level 2. HP: 23/24 MP: 3/3
   315 | D:1      | Reached * piety under Lugonu
   544 | D:1      | Quit the game

Illustrated notes

Levels and vault maps discovered:
D:1:      onia_arrival_handbag, layout_loops_ring,
          dreamdust_ecumenical_altar_sealed_demon

Action                   || total
-------------------------++-------
Melee: Hand axe          ||    24
Invok: Depart the Abyss  ||     1
Evoke: Lightning rod     ||     1
  Use: Scroll            ||     1
Armor: Leather armour    ||     4
Dodge: Dodged            ||    11

Table legend: (Time is in decaauts)
 A = Elapsed time spent in this place.
 B = Non-inter-level travel time spent in this place.
 C = Inter-level travel time spent in this place.
 D = Time resting spent in this place.
 E = Time spent auto-exploring this place.
 F = Levels seen in this place.
 G = Mean time per level.
                   A        B        C        D        E       F      G
               +--------+--------+--------+--------+--------+-----+--------+
         Total |    548 |    548 |      0 |      0 |    414 |   4 |  137.0 |
       Dungeon |    413 |    413 |      0 |      0 |    338 |   1 |  413.0 |
         Abyss |    134 |    134 |      0 |      0 |     76 |   3 |   44.7 |
               +--------+--------+--------+--------+--------+-----+--------+

Top non-repeatable levels by time:
     D:1: 413 daAuts
 Abyss:3: 67 daAuts
 Abyss:2: 62 daAuts
 Abyss:1: 4 daAuts
